 Dungeon Crawl Stone Soup version 0.21.1-1-g345015f (webtiles) character file.

266 RENEGADE the Poker (level 6, -8/47 HPs)
             Began as a Merfolk Gladiator on June 25, 2018.
             Mangled by n0claF's ghost (13 damage)
             ... on level 3 of the Dungeon.
             The game lasted 00:16:13 (2437 turns).

RENEGADE the Poker (Merfolk Gladiator)              Turns: 2437, Time: 00:16:14

Health: -8/47      AC:  8    Str: 14    XL:     6   Next: 20%
Magic:  6/6        EV: 15    Int:  7    God:
Gold:   180        SH:  0    Dex: 18    Spells: 5/5 levels left

rFire    + . .     SeeInvis .   o - +1 spear (freeze)
rCold    . . .     Gourm    .   (no shield)
rNeg     . . .     Faith    .   b - +0 leather armour
rPois    .         Spirit   .   c - +0 helmet
rElec    .         Reflect  .   (no cloak)
rCorr    .         Harm     .   j - +2 pair of gloves
MR       .....                  i - +0 pair of boots
Stlth    ++........             (no amulet)
HPRegen  0.15/turn              e - ring of protection from fire
MPRegen  0.10/turn              (no ring)

@: no status effects
A: change form in water, swift swim, stealthy swim
a: no special abilities


You were on level 3 of the Dungeon.
You were hungry.

You visited 1 branch of the dungeon, and saw 4 of its levels.

You collected 180 gold pieces.

Inventory:

Hand Weapons
 o - a +1 spear of freezing (weapon)
Armour
 b - a +0 leather armour (worn)
 c - a +0 helmet (worn)
 i - a +0 pair of boots (worn)
 j - a +2 pair of gloves (worn)
Jewellery
 e - a ring of protection from fire (left hand)
Wands
 n - a wand of disintegration (4)
Scrolls
 a - 2 scrolls of remove curse {unknown}
 d - a scroll of teleportation {unknown}
 g - a scroll of identify {unknown}
 k - a scroll of fog {unknown}
 l - a scroll of blinking {unknown}
Potions
 m - a potion of flight
 p - a potion of mutation {unknown}
Comestibles
 f - 4 rations


   Skills:
 + Level 3.0 Fighting
 + Level 7.0 Polearms
 + Level 2.4 Throwing
 + Level 1.5 Armour
 + Level 5.4 Dodging
 + Level 1.0 Stealth


You had 5 spell levels left.
You didn't know any spells.

Dungeon Overview and Level Annotations

Branches:
Dungeon (4/15)
 Temple: D:4-7

Altars:

Annotations:
D:3 n0claF's ghost, amateur CeHu


Message History

You hit n0claF's ghost. You freeze n0claF's ghost.
N0claF's ghost is severely damaged.
N0claF's ghost hits you!
* * * LOW HITPOINT WARNING * * *
You feel better. N0claF's ghost barely misses you.
You hit n0claF's ghost but do no damage.
N0claF's ghost is severely damaged.
You hit n0claF's ghost. You freeze n0claF's ghost.
N0claF's ghost is almost destroyed.
N0claF's ghost hits you but does no damage.
You hit n0claF's ghost. You freeze n0claF's ghost.
N0claF's ghost is almost destroyed.
N0claF's ghost hits you!
* * * LOW HITPOINT WARNING * * *
You barely miss n0claF's ghost.
N0claF's ghost is almost destroyed.
You hit n0claF's ghost but do no damage.
N0claF's ghost is almost destroyed.
N0claF's ghost hits you!
You die...

...†...# #.. #.####.##.....
....##.# ###. ####.. #........
...## # #...#.. ###......
.#..# ##... #...... ###..# #..
##..... ....
#.###########....#
#....########.............####
###....$...#.#.......>..##
#.W@#..........#
#.#...........##
...###.........# .....
##........# ....... #....(...#
....... #.<......#
............########
........##### .


You could see n0claF's ghost.

Vanquished Creatures
  A sky beast (D:2)
  A worker ant (D:2)
  6 adders
  3 gnolls (D:3)
  A worm (D:2)
  3 dart slugs
  A leopard gecko (D:2)
  6 bats
  2 giant cockroaches (D:2)
  11 goblins
  5 hobgoblins
  5 jackals
  4 kobolds
  A quokka (D:2)
  A ball python (D:2)
  A frilled lizard (D:1)
  9 rats
61 creatures vanquished.

Notes
Turn   | Place    | Note
-------+----------+-------------------------------------------
     0 | D:1      | RENEGADE the Merfolk Gladiator began the quest for the Orb.
     0 | D:1      | Reached XP level 1. HP: 16/16 MP: 1/1
   119 | D:1      | Reached XP level 2. HP: 22/22 MP: 2/2
   194 | D:1      | Reached skill level 5 in Polearms
   296 | D:1      | Reached XP level 3. HP: 27/28 MP: 3/3
  1072 | D:2      | Reached XP level 4. HP: 28/34 MP: 4/4
  1150 | D:2      | Reached skill level 6 in Polearms
  1314 | D:2      | Noticed a sky beast
  1585 | D:2      | Reached skill level 5 in Dodging
  1662 | D:2      | Killed a sky beast
  1662 | D:2      | Reached skill level 1 in Armour
  1662 | D:2      | Reached skill level 1 in Stealth
  1662 | D:2      | Reached XP level 5. HP: 40/40 MP: 5/5
  1925 | D:3      | Reached skill level 7 in Polearms
  1932 | D:3      | Reached XP level 6. HP: 17/47 MP: 6/6
  2396 | D:3      | Noticed n0claF's ghost (amateur CeHu)
  2437 | D:3      | Mangled by n0claF's ghost

Skill      XL: |  1  2  3  4  5 |
---------------+----------------+-----
Polearms       | 5 6 7 |  7.0
Dodging        | 5 |  5.4
Armour         | 1 |  1.5
Stealth        | 1 |  1.0
Fighting       | 3 |  3.0
Throwing       | |  2.4

Action                   |  1- 3 |  4- 6 || total
-------------------------+-------+-------++-------
Melee: Trident           |    66 |   129 ||   195
       Spear             |       |    55 ||    55
Throw: Throwing net      |       |     4 ||     4
  Use: Potion            |       |     5 ||     5
       Scroll            |       |     3 ||     3
 Stab: Sleeping          |     1 |     1 ||     2
       Distracted        |     1 |       ||     1
  Eat: Ration            |       |     1 ||     1
       Chunk             |       |     1 ||     1
Armor: Leather armour    |    17 |    45 ||    62
Dodge: Dodged            |    30 |   123 ||   153
